BSA
NEVADA NOISE @ IRVINE GANG GREEN
09/27/2030
 
TOP OF THE 1ST
Nevada Noise batting - Pitching for Irvine Gang Green : RHP Jesús De Los Santos
Pitching: RHP Jesús De Los Santos
Batting: LHB Dave Reynolds 0-0: Called Strike
0-1: Ball
1-1: Ball
2-1: Ball
3-1: Base on Balls
Batting: RHB José Aguilera 0-0: Ball
1-0: Called Strike
1-1: Called Strike
1-2: Fly out, F8 (Flyball, 8RM)
Batting: LHB Greg Nelson 0-0: Ball
1-0: Ball
2-0: Called Strike
Dave Reynolds steals 2nd base
2-1: Ball
3-1: Called Strike
3-2: SINGLE (Groundball, 4MD)
Dave Reynolds to third
Batting: RHB Iván Gonzáles 0-0: Ball
1-0: Swinging Strike
1-1: Ball
2-1: Fly out, F3 (Popup, 3F)
Batting: LHB Milton Watson 0-0: Ball
1-0: Ball
2-0: Ground out U3 (Groundball, 3)
Top of the 1st over - 0 runs, 1 hit, 0 errors, 2 left on base; Nevada 0 - Irvine 0
BOTTOM OF THE 1ST
Irvine Gang Green batting - Pitching for Nevada Noise : LHP Sloan Sanders
Pitching: LHP Sloan Sanders
Batting: RHB Tomás Carranza 0-0: Ball
1-0: Foul Ball, location: 2F
1-1: Ball
2-1: Foul Ball, location: 2F
2-2: Ball
3-2: Foul Ball, location: 2F
3-2: Base on Balls
Batting: RHB Carlos García 0-0: Ball
1-0: Called Strike
1-1: Ball
2-1: DOUBLE (Flyball, 8LD)
Tomás Carranza to third
Runner from 3rd tries for Home, SAFE, no throw
Batting: LHB Jeff Daniels 0-0: Called Strike
0-1: Foul Ball, location: 2F
0-2: Ball
1-2: Strikes out swinging
Batting: LHB Víctor Quiñones 0-0: Called Strike
0-1: Swinging Strike
0-2: Foul Ball, location: 2F
0-2: Ball
1-2: Ground out 4-3 (Groundball, 34)
Carlos García to third
Batting: RHB Ronnie Brown 0-0: Called Strike
0-1: Swinging Strike
0-2: Ball
1-2: Ball
2-2: Foul Ball, location: 2F
2-2: SINGLE (Groundball, 6MD)
Carlos García scores
Batting: RHB Sergio Moreno 0-0: Ball
1-0: Ball
2-0: Called Strike
2-1: Fly out, F8 (Flyball, 8RS)
Bottom of the 1st over - 2 runs, 2 hits, 0 errors, 1 left on base; Nevada 0 - Irvine 2
TOP OF THE 2ND
Nevada Noise batting - Pitching for Irvine Gang Green : RHP Jesús De Los Santos
Batting: RHB Fernando Gálvez 0-0: Ball
1-0: Swinging Strike
1-1: Called Strike
1-2: Ball
2-2: Ground out U3 (Groundball, 3)
Batting: SHB Nate Rhodes 0-0: Called Strike
0-1: Foul Ball, location: 2F
0-2: Ball
1-2: Ball
2-2: Foul Ball, location: 2F
2-2: Ball
3-2: Fly out, F9 (Flyball, 89D)
Batting: RHB Jim Tracy 0-0: Ball
1-0: Called Strike
1-1: Called Strike
1-2: Ball
2-2: Ground out 1-3 (Groundball, 15S)
Top of the 2nd over - 0 runs, 0 hits, 0 errors, 0 left on base; Nevada 0 - Irvine 2
BOTTOM OF THE 2ND
Irvine Gang Green batting - Pitching for Nevada Noise : LHP Sloan Sanders
Batting: SHB Carlos Córdova 0-0: Ball
1-0: Foul Ball, location: 2F
1-1: Foul Ball, location: 2F
1-2: Ball
2-2: Ground out 5-3 (Groundball, 5L)
Batting: RHB José Salazar 0-0: Foul Ball, location: 2F
0-1: Foul Ball, location: 2F
0-2: Ball
1-2: Foul Ball, location: 2F
1-2: Ball
2-2: Ball
3-2: Base on Balls
Batting: LHB Tony Tavárez 0-0: Called Strike
0-1: Ball
1-1: Fly out, F7 (Flyball, 7LD)
Batting: RHB Tomás Carranza 0-0: Ball
1-0: Ball
2-0: Called Strike
2-1: TRIPLE (Line Drive, 78XD)
José Salazar scores
Batting: RHB Carlos García 0-0: Ball
1-0: Ball
2-0: Swinging Strike
2-1: Ball
3-1: Foul Ball, location: 2F
3-2: Strikes out swinging
Bottom of the 2nd over - 1 run, 1 hit, 0 errors, 1 left on base; Nevada 0 - Irvine 3
TOP OF THE 3RD
Nevada Noise batting - Pitching for Irvine Gang Green : RHP Jesús De Los Santos
Batting: SHB Derek Roach 0-0: Fly out, F7 (Flyball, 7)
Batting: LHB Dave Reynolds 0-0: Ball
1-0: Called Strike
1-1: Ground out 4-3 (Groundball, 4)
Batting: RHB José Aguilera 0-0: Called Strike
0-1: Called Strike
0-2: Ball
1-2: Foul Ball, location: 2F
1-2: Ball
2-2: Ball
3-2: Strikes out swinging
Top of the 3rd over - 0 runs, 0 hits, 0 errors, 0 left on base; Nevada 0 - Irvine 3
BOTTOM OF THE 3RD
Irvine Gang Green batting - Pitching for Nevada Noise : LHP Sloan Sanders
Batting: LHB Jeff Daniels 0-0: Ball
1-0: Ball
2-0: Called Strike
2-1: Ball
3-1: Fly out, F4 (Line Drive, 4)
Pitching: RHP Frank Martin
Batting: LHB Víctor Quiñones 0-0: Ball
1-0: Ball
2-0: DOUBLE (Flyball, 8RXD)
Batting: RHB Ronnie Brown 0-0: Called Strike
0-1: Ball
1-1: Swinging Strike
1-2: Foul Ball, location: 2F
1-2: Foul Ball, location: 2F
1-2: SINGLE (Groundball, 56D)
Víctor Quiñones to third
Runner from 3rd tries for Home, SAFE, no throw
Batting: RHB Sergio Moreno 0-0: Fly out, F7 (Flyball, 78D)
Batting: SHB Carlos Córdova 0-0: Foul Ball, location: 2F
0-1: Foul Ball, location: 2F
0-2: Ball
1-2: Fly out, F8 (Flyball, 8LS)
Bottom of the 3rd over - 1 run, 2 hits, 0 errors, 1 left on base; Nevada 0 - Irvine 4
TOP OF THE 4TH
Nevada Noise batting - Pitching for Irvine Gang Green : RHP Jesús De Los Santos
Batting: LHB Greg Nelson 0-0: Fly out, F3 (Line Drive, 34)
Batting: RHB Iván Gonzáles 0-0: Ball
1-0: Ball
2-0: Fly out, F3 (Popup, 3SF)
Batting: LHB Milton Watson 0-0: Ball
1-0: Called Strike
1-1: SOLO HOME RUN (Flyball, 9D), Distance : 410 ft
Batting: RHB Fernando Gálvez 0-0: Foul Ball, location: 2F
0-1: Foul Ball, location: 2F
0-2: Ball
1-2: Foul Ball, location: 2F
1-2: Ball
2-2: Ball
3-2: Foul Ball, location: 2F
3-2: Foul Ball, location: 2F
3-2: Foul Ball, location: 2F
3-2: Ground out 1-3 (Groundball, P)
Top of the 4th over - 1 run, 1 hit, 0 errors, 0 left on base; Nevada 1 - Irvine 4
BOTTOM OF THE 4TH
Irvine Gang Green batting - Pitching for Nevada Noise : RHP Frank Martin
Batting: RHB José Salazar 0-0: Foul Ball, location: 2F
0-1: Ground out 6-3 (Groundball, 6)
Batting: LHB Tony Tavárez 0-0: Ground out 4-3 (Groundball, 4)
Batting: RHB Tomás Carranza 0-0: Ball
1-0: Ball
2-0: Ball
3-0: Base on Balls
Batting: RHB Carlos García 0-0: Ground out 4-3 (Groundball, 34)
Bottom of the 4th over - 0 runs, 0 hits, 0 errors, 1 left on base; Nevada 1 - Irvine 4
TOP OF THE 5TH
Nevada Noise batting - Pitching for Irvine Gang Green : RHP Jesús De Los Santos
Batting: SHB Nate Rhodes 0-0: Ball
1-0: Ball
2-0: Ball
3-0: Called Strike
3-1: DOUBLE (Groundball, 3L)
Batting: RHB Jim Tracy 0-0: Ball
1-0: Swinging Strike
1-1: Foul Ball, location: 2F
1-2: SINGLE (Line Drive, 7S)
Nate Rhodes to third
Throwing error, E7
Nate Rhodes scores
Jim Tracy to second
Batting: SHB Derek Roach 0-0: Ball
1-0: Swinging Strike
1-1: Ball
2-1: Ball
3-1: Swinging Strike
3-2: Strikes out swinging
Batting: LHB Dave Reynolds 0-0: Called Strike
0-1: Foul Ball, location: 2F
0-2: Ball
1-2: Fly out, F9 (Flyball, 9LMF)
Batting: RHB José Aguilera 0-0: Foul Ball, location: 2F
0-1: Foul Ball, location: 2F
0-2: Foul Ball, location: 2F
0-2: Ball
1-2: 2-RUN HOME RUN (Line Drive, 7D), Distance : 416 ft
Batting: LHB Greg Nelson 0-0: Ball
1-0: Ball
2-0: Ground out 5-3 (Groundball, 56S)
Top of the 5th over - 3 runs, 3 hits, 1 error, 0 left on base; Nevada 4 - Irvine 4
BOTTOM OF THE 5TH
Irvine Gang Green batting - Pitching for Nevada Noise : RHP Frank Martin
Batting: LHB Jeff Daniels 0-0: Called Strike
0-1: Swinging Strike
0-2: Fly out, F3 (Popup, 23F)
Batting: LHB Víctor Quiñones 0-0: Ball
1-0: Called Strike
1-1: Ball
2-1: Ball
3-1: Called Strike
3-2: Base on Balls
Batting: RHB Ronnie Brown 0-0: Ball
1-0: Fielders Choice at 2nd, 6-4 (Groundball, 6)
Batting: RHB Sergio Moreno 0-0: Ball
1-0: Ball
2-0: Ball
3-0: SINGLE (Groundball, 56D)
Ronnie Brown to second
Batting: SHB Carlos Córdova 0-0: Foul Ball, location: 2F
0-1: Ball
1-1: Ball
2-1: Called Strike
2-2: Ball
3-2: Ground out U3 (Groundball, 34S)
Bottom of the 5th over - 0 runs, 1 hit, 0 errors, 2 left on base; Nevada 4 - Irvine 4
TOP OF THE 6TH
Nevada Noise batting - Pitching for Irvine Gang Green : RHP Jesús De Los Santos
Pitching: RHP Brandon Williams
Batting: RHB Iván Gonzáles 0-0: Ball
1-0: Ball
2-0: Called Strike
2-1: Ball
3-1: Foul Ball, location: 2F
3-2: Fly out, F8 (Flyball, 8LM)
Batting: LHB Milton Watson 0-0: Fly out, F9 (Flyball, 9LM)
Batting: RHB Fernando Gálvez 0-0: Fly out, F9 (Flyball, 89D)
Top of the 6th over - 0 runs, 0 hits, 0 errors, 0 left on base; Nevada 4 - Irvine 4
BOTTOM OF THE 6TH
Irvine Gang Green batting - Pitching for Nevada Noise : RHP Frank Martin
Batting: RHB José Salazar 0-0: Ball
1-0: Ball
2-0: DOUBLE (Line Drive, 7LD)
Batting: LHB Tony Tavárez 0-0: Ball
1-0: Called Strike
1-1: Ball
2-1: Called Strike
2-2: Ground out 6-3 (Groundball, 6)
Batting: RHB Tomás Carranza 0-0: Intentional Walk
Batting: RHB Carlos García 0-0: Ball
1-0: Grounds into double play, 6-4-3 (Groundball, 6)
Bottom of the 6th over - 0 runs, 1 hit, 0 errors, 1 left on base; Nevada 4 - Irvine 4
TOP OF THE 7TH
Nevada Noise batting - Pitching for Irvine Gang Green : RHP Brandon Williams
Batting: SHB Nate Rhodes 0-0: Called Strike
0-1: Foul Ball, location: 2F
0-2: Ball
1-2: Ball
2-2: Ball
3-2: Base on Balls
Batting: RHB Jim Tracy 0-0: Called Strike
0-1: Called Strike
Nate Rhodes is caught stealing 2nd base
0-2: Strikes out swinging
Batting: SHB Derek Roach 0-0: Ball
1-0: Ball
2-0: DOUBLE (Flyball, 7LD)
Batting: LHB Dave Reynolds 0-0: Called Strike
0-1: Ball
1-1: Fly out, F9 (Flyball, 89M)
Top of the 7th over - 0 runs, 1 hit, 0 errors, 1 left on base; Nevada 4 - Irvine 4
BOTTOM OF THE 7TH
Irvine Gang Green batting - Pitching for Nevada Noise : RHP Frank Martin
Pitching: RHP Carl Henry
Batting: LHB Jeff Daniels 0-0: Ball
1-0: Ground out 5-3 (Groundball, 56)
Batting: LHB Víctor Quiñones 0-0: Called Strike
0-1: Ball
1-1: Called Strike
1-2: Strikes out swinging
Pinch Hitting: LHB Tony Abete 0-0: Called Strike
0-1: Swinging Strike
0-2: Ball
1-2: Strikes out swinging
Bottom of the 7th over - 0 runs, 0 hits, 0 errors, 0 left on base; Nevada 4 - Irvine 4
TOP OF THE 8TH
Nevada Noise batting - Pitching for Irvine Gang Green : RHP Brandon Williams
Pitching: RHP Raúl Saltines
Now at 2B: Oliver Cisneros
Batting: RHB José Aguilera 0-0: Fly out, F7 (Line Drive, 7D)
Batting: LHB Greg Nelson 0-0: Called Strike
0-1: Foul Ball, location: 2F
0-2: Ball
1-2: Ball
2-2: SINGLE (Groundball, 6MD)
Pinch Runner at 1st Arnold Harmon:
Batting: RHB Iván Gonzáles 0-0: Called Strike
0-1: Called Strike
0-2: Strikes out swinging
Batting: LHB Milton Watson 0-0: Called Strike
0-1: Ball
Arnold Harmon steals 2nd base
1-1: Foul Ball, location: 2F
1-2: Ball
2-2: Foul Ball, location: 2F
2-2: DOUBLE (Line Drive, 7LM)
Arnold Harmon scores
Batting: RHB Fernando Gálvez 0-0: Ball
1-0: Foul Ball, location: 2F
1-1: Foul Ball, location: 2F
1-2: Fly out, F3 (Popup, 34)
Top of the 8th over - 1 run, 2 hits, 0 errors, 1 left on base; Nevada 5 - Irvine 4
BOTTOM OF THE 8TH
Irvine Gang Green batting - Pitching for Nevada Noise : RHP Carl Henry
Batting: RHB Sergio Moreno 0-0: Called Strike
0-1: Foul Ball, location: 2F
0-2: Ball
1-2: Foul Ball, location: 2F
1-2: SINGLE (Groundball, 4MD)
Pitching: RHP Elton Johnston
Pinch Hitting: LHB Jorge Martínez 0-0: Foul Ball, location: 2F
0-1: Foul Ball, location: 2F
0-2: Ball
1-2: Ball
2-2: Ball
3-2: Ground out 4-3 (Groundball, 34)
Sergio Moreno to second
Batting: RHB José Salazar 0-0: Ball
1-0: Ball
Passed Ball!
Sergio Moreno to third
2-0: Foul Ball, location: 2F
2-1: Ball
3-1: Base on Balls
Pinch Hitting: SHB Nick Cox 0-0: Ball
1-0: Ball
2-0: Called Strike
2-1: Called Strike
2-2: Fly out, F8 (Flyball, 8LM)
Batting: RHB Tomás Carranza 0-0: Ball
1-0: Ball
2-0: Ball
3-0: Called Strike
3-1: Base on Balls
José Salazar to second
Batting: RHB Carlos García 0-0: Called Strike
0-1: Ball
1-1: Ball
2-1: Called Strike
2-2: Ball
3-2: Foul Ball, location: 2F
3-2: Strikes out looking
Bottom of the 8th over - 0 runs, 1 hit, 0 errors, 3 left on base; Nevada 5 - Irvine 4
TOP OF THE 9TH
Nevada Noise batting - Pitching for Irvine Gang Green : RHP Raúl Saltines
Now at 2B: Jorge Martínez
Now in CF: Tom Baker
Batting: SHB Nate Rhodes 0-0: Called Strike
0-1: Fly out, F9 (Flyball, 89S)
Batting: RHB Jim Tracy 0-0: Ball
1-0: Called Strike
1-1: Ball
2-1: Ball
3-1: Base on Balls
Batting: SHB Derek Roach 0-0: Called Strike
0-1: Called Strike
0-2: Ball
1-2: Ball
2-2: Foul Ball, location: 2F
2-2: Ball
3-2: Fly out, F8 (Flyball, 78D)
Pitching: RHP Ramón Silva
Batting: LHB Dave Reynolds 0-0: Ball
1-0: Ground out 5-3 (Groundball, 2L)
Top of the 9th over - 0 runs, 0 hits, 0 errors, 1 left on base; Nevada 5 - Irvine 4
BOTTOM OF THE 9TH
Irvine Gang Green batting - Pitching for Nevada Noise : RHP Elton Johnston
Pitching: RHP Dan Wilson
Batting: LHB Jeff Daniels 0-0: Ball
1-0: Called Strike
1-1: Called Strike
1-2: Strikes out swinging
Batting: LHB Víctor Quiñones 0-0: SOLO HOME RUN (Flyball, 9D), Distance : 422 ft
Pinch Hitting: LHB Tom Blake 0-0: Ground out 4-3 (Groundball, 4)
Batting: RHB Sergio Moreno 0-0: Ball
1-0: Ground out 4-3 (Groundball, 4)
Bottom of the 9th over - 1 run, 1 hit, 0 errors, 0 left on base; Nevada 5 - Irvine 5
TOP OF THE 10TH
Nevada Noise batting - Pitching for Irvine Gang Green : RHP Ramón Silva
Now at SS: David Adams
Batting: RHB José Aguilera 0-0: Swinging Strike
0-1: Fly out, F8 (Flyball, 89D)
Batting: RHB Arnold Harmon 0-0: Ball
1-0: Foul Ball, location: 2F
1-1: Foul Ball, location: 2F
1-2: Strikes out swinging
Batting: RHB Iván Gonzáles 0-0: Ball
1-0: Fly out, F8 (Flyball, 8LXD)
Top of the 10th over - 0 runs, 0 hits, 0 errors, 0 left on base; Nevada 5 - Irvine 5
BOTTOM OF THE 10TH
Irvine Gang Green batting - Pitching for Nevada Noise : RHP Dan Wilson
Batting: LHB Jorge Martínez 0-0: Ball
1-0: Ball
2-0: Ball
3-0: Called Strike
3-1: Swinging Strike
3-2: Foul Ball, location: 2F
3-2: Ground out 3-1 (Groundball, 34S)
Batting: RHB José Salazar 0-0: Called Strike
0-1: Called Strike
0-2: Ball
1-2: Ground out 4-3 (Groundball, 34D)
Batting: LHB Tom Baker 0-0: Called Strike
0-1: Ball
1-1: Ball
2-1: Ball
3-1: Base on Balls
Batting: RHB Tomás Carranza 0-0: Foul Ball, location: 2F
0-1: Ball
1-1: Ball
2-1: Ball
3-1: Base on Balls
Tom Baker to second
Batting: RHB Carlos García 0-0: Called Strike
0-1: Called Strike
0-2: Strikes out swinging
Bottom of the 10th over - 0 runs, 0 hits, 0 errors, 2 left on base; Nevada 5 - Irvine 5
TOP OF THE 11TH
Nevada Noise batting - Pitching for Irvine Gang Green : RHP Ramón Silva
Batting: LHB Milton Watson 0-0: Ball
1-0: Called Strike
1-1: Foul Ball, location: 2F
1-2: Ball
2-2: Foul Ball, location: 2F
2-2: Foul Ball, location: 2F
2-2: Foul Ball, location: 2F
2-2: Ball
3-2: Base on Balls
Batting: RHB Fernando Gálvez 0-0: Called Strike
0-1: Grounds into double play, 6-4-3 (Groundball, 6)
Batting: SHB Nate Rhodes 0-0: Ball
1-0: Called Strike
1-1: Ball
2-1: Foul Ball, location: 2F
2-2: Foul Ball, location: 2F
2-2: Ground out 4-3 (Groundball, 34D)
Top of the 11th over - 0 runs, 0 hits, 0 errors, 0 left on base; Nevada 5 - Irvine 5
BOTTOM OF THE 11TH
Irvine Gang Green batting - Pitching for Nevada Noise : RHP Dan Wilson
Batting: LHB Jeff Daniels 0-0: Swinging Strike
0-1: Fly out, F9 (Flyball, 9)
Batting: LHB Víctor Quiñones 0-0: Called Strike
0-1: Ball
1-1: Ground out 4-3 (Groundball, 4)
Batting: LHB David Adams 0-0: Ground out 1-3 (Groundball, 13)
Bottom of the 11th over - 0 runs, 0 hits, 0 errors, 0 left on base; Nevada 5 - Irvine 5
TOP OF THE 12TH
Nevada Noise batting - Pitching for Irvine Gang Green : RHP Ramón Silva
Batting: RHB Jim Tracy 0-0: Swinging Strike
0-1: Ball
1-1: Swinging Strike
1-2: Ball
2-2: Ball
3-2: Strikes out swinging
Batting: SHB Derek Roach 0-0: Ball
1-0: Ball
2-0: Ball
3-0: Called Strike
3-1: Foul Ball, location: 2F
3-2: SINGLE (Line Drive, 78S)
Batting: LHB Dave Reynolds 0-0: Fly out, F3 (Popup, 3DF)
Batting: RHB José Aguilera 0-0: DOUBLE (Flyball, 89D)
Derek Roach to third
Runner from 3rd tries for Home, SAFE, no throw
Batting: RHB Arnold Harmon 0-0: Called Strike
0-1: Foul Ball, location: 2F
0-2: Fly out, F3 (Popup, 3S)
Top of the 12th over - 1 run, 2 hits, 0 errors, 1 left on base; Nevada 6 - Irvine 5
BOTTOM OF THE 12TH
Irvine Gang Green batting - Pitching for Nevada Noise : RHP Dan Wilson
Batting: RHB Sergio Moreno 0-0: Ball
1-0: Foul Ball, location: 2F
1-1: Foul Ball, location: 2F
1-2: Ball
2-2: Strikes out swinging
Batting: LHB Jorge Martínez 0-0: Called Strike
0-1: Swinging Strike
0-2: Ball
1-2: Fly out, F4 (Line Drive, 34)
Batting: RHB José Salazar 0-0: SINGLE (Groundball, 6S) (infield hit)
Batting: LHB Tom Baker 0-0: Ball
1-0: Foul Ball, location: 2F
1-1: Ground out 4-3 (Groundball, 34D)
Bottom of the 12th over - 0 runs, 1 hit, 0 errors, 1 left on base; Nevada 6 - Irvine 5
Saturday, April 7th, 2018 - OOTP Baseball 18.8 Build 76